General information
- name: BNet
- type: Ladder team game (AT/RT)
- host: Battle.net
- saver: SIM_CITY_KID
map: MarketSquare
- players: 8
- length: 115:50
- speed: Fast
- version: 1.26 W3XP
- replay type: Public
» download(533 KB)
Players
team 1 (winner)
G13M (
orange | 17 APM | 1780 actions | 103:53)
5 Blademaster
3 Wind Walk
2 Critical Strike
» actions
| Basic commands | 42 | |
| Build / train | 53 | |
| Enter build submenu | 27 | |
| Enter hero's abilities submenu | 5 | |
| Give item / drop item | 2 | |
| Remove unit from queue | 5 | |
| Right click | 1152 | |
| Select / deselect | 409 | |
| Use ability | 85 | |
1780 total
» units
| Peon | 15 | |
| Demolisher | 9 | |
| Wind Rider | 3 | |
27 total
» upgrades
| Spiked Barricades | 1 | |
| Ranged Weapons | 2 | |
| Armor | 1 | |
4 total
» buildings
| Altar of Storms | 1 | |
| Orc Burrow | 6 | |
| War Mill | 1 | |
| Voodoo Lounge | 1 | |
| Watch Tower | 8 | |
| Stronghold | 4 | |
| Barracks | 2 | |
| Beastiary | 5 | |
28 total
» build order
00:46 Altar of Storms
00:58 Orc Burrow
01:53 War Mill
02:17 Voodoo Lounge
02:25 Orc Burrow
03:11 Watch Tower
03:29 Watch Tower
03:49 Watch Tower
04:08 Watch Tower
04:34 Watch Tower
05:03 Orc Burrow
05:22 Stronghold
05:22 Stronghold
05:22 Stronghold
05:48 Orc Burrow
06:03 Watch Tower
06:11 Barracks
06:53 Watch Tower
07:09 Barracks
08:18 Watch Tower
09:16 Orc Burrow
10:17 Orc Burrow
13:44 Beastiary
13:47 Beastiary
14:45 Beastiary
14:59 Beastiary
15:16 Beastiary
» items
| Healing Salve | 3 | |
| Lesser Clarity Potion | 2 | |
| Scroll of Speed | 1 | |
| Staff of Teleportation | 1 | |
| Potion of Lesser Invulnerability | 1 | |
| Orb of Lightning | 1 | |
9 total
Simpies (
purple | 56 APM | 6504 actions | 115:44)
5 Archmage
3 Summon Water Elemental
2 Brilliance Aura
5 Beastmaster
3 Summon Quilbeast
2 Summon Bear
4 Firelord
2 Summon Lava Spawn
2 Soul Burn
» actions
| Assign group hotkey | 170 | |
| Basic commands | 439 | |
| Build / train | 288 | |
| ESC pressed | 60 | |
| Enter build submenu | 114 | |
| Enter hero's abilities submenu | 17 | |
| Give item / drop item | 4 | |
| Right click | 1973 | |
| Select / deselect | 1797 | |
| Select group hotkey | 1144 | |
| Use ability | 498 | |
6504 total
» units
| Peasant | 52 | |
| Rifleman | 18 | |
| Siege Engine | 63 | |
| Mortar Team | 21 | |
| Dragonhawk Rider | 13 | |
167 total
» upgrades
| Masonry | 4 | |
| Long Rifles | 1 | |
| Gunpowder | 3 | |
| Armor | 3 | |
| Barrage | 1 | |
| Plating | 3 | |
| Fragmentation Shards | 1 | |
| Flare | 1 | |
| Swords | 3 | |
| Cloud | 1 | |
21 total
» buildings
| Altar of Kings | 1 | |
| Lumber Mill | 5 | |
| Blacksmith | 3 | |
| Farm | 19 | |
| Arcane Vault | 4 | |
| Keep | 1 | |
| Scout Tower | 38 | |
| Arcane Tower | 1 | |
| Castle | 1 | |
| Gryphon Aviary | 7 | |
| Town Hall | 6 | |
| Guard Tower | 22 | |
| Workshop | 16 | |
| Barracks | 2 | |
126 total
» build order
00:26 Altar of Kings
00:33 Lumber Mill
00:36 Blacksmith
00:41 Farm
02:24 Blacksmith
02:28 Blacksmith
02:37 Lumber Mill
02:50 Farm
02:58 Farm
03:03 Farm
03:44 Arcane Vault
04:49 Farm
04:55 Arcane Vault
04:57 Arcane Vault
05:03 Arcane Vault
05:24 Keep
05:52 Farm
05:54 Farm
05:56 Farm
06:00 Farm
06:12 Scout Tower
06:43 Arcane Tower
10:33 Castle
12:21 Farm
15:43 Gryphon Aviary
20:50 Town Hall
21:33 Scout Tower
21:34 Scout Tower
21:35 Scout Tower
21:36 Scout Tower
22:18 Guard Tower
24:06 Town Hall
24:10 Scout Tower
24:15 Scout Tower
24:16 Scout Tower
24:18 Scout Tower
24:20 Scout Tower
24:22 Scout Tower
24:37 Scout Tower
24:46 Guard Tower
24:51 Scout Tower
24:57 Scout Tower
25:03 Scout Tower
25:06 Scout Tower
25:16 Scout Tower
25:17 Guard Tower
25:34 Guard Tower
25:54 Guard Tower
26:13 Scout Tower
26:15 Scout Tower
26:17 Scout Tower
26:21 Scout Tower
26:42 Guard Tower
26:44 Guard Tower
26:45 Guard Tower
26:49 Guard Tower
26:49 Guard Tower
28:21 Workshop
28:27 Barracks
32:10 Town Hall
32:12 Scout Tower
32:14 Scout Tower
32:16 Scout Tower
32:18 Scout Tower
32:21 Scout Tower
32:22 Scout Tower
32:24 Scout Tower
32:26 Scout Tower
32:28 Scout Tower
32:48 Guard Tower
33:09 Guard Tower
33:15 Guard Tower
33:15 Guard Tower
33:17 Guard Tower
33:17 Guard Tower
36:02 Town Hall
42:49 Town Hall
42:53 Town Hall
42:56 Scout Tower
42:57 Scout Tower
43:00 Scout Tower
43:01 Scout Tower
43:23 Guard Tower
43:25 Guard Tower
43:27 Scout Tower
43:29 Scout Tower
43:30 Scout Tower
43:32 Scout Tower
43:36 Guard Tower
44:48 Guard Tower
51:26 Barracks
52:16 Guard Tower
55:12 Workshop
55:16 Workshop
77:15 Lumber Mill
77:58 Workshop
78:01 Workshop
79:20 Farm
79:21 Farm
79:23 Farm
84:24 Gryphon Aviary
84:25 Gryphon Aviary
84:27 Gryphon Aviary
84:32 Gryphon Aviary
84:34 Gryphon Aviary
84:37 Gryphon Aviary
97:39 Workshop
97:41 Workshop
97:44 Workshop
98:56 Workshop
105:00 Workshop
105:02 Workshop
105:10 Workshop
105:16 Workshop
105:20 Workshop
105:29 Workshop
105:33 Workshop
107:53 Lumber Mill
108:34 Farm
108:35 Farm
108:46 Lumber Mill
112:27 Farm
112:28 Farm
112:33 Farm
112:35 Farm
» items
| Scroll of Regeneration | 2 | |
| Lesser Clarity Potion | 8 | |
| Mechanical Critter | 18 | |
| Staff of Teleportation | 3 | |
| Boots of Speed | 3 | |
| Potion of Lesser Invulnerability | 2 | |
| Scroll of Town Portal | 2 | |
| Potion of Healing | 6 | |
| Orb of Lightning | 1 | |
| Orb of Fire | 2 | |
| Staff of Sanctuary | 3 | |
| Potion of Mana | 2 | |
52 total
SIM_CITY_KID (
teal | 44 APM | 5083 actions | 115:50)
8 Paladin
3 Divine Shield
3 Holy Light
1 Resurrection
1 Devotion Aura
3 Mountain King
2 Storm Bolt
1 Bash
1 Naga Sea Witch
1 Frost Arrows
» actions
| Assign group hotkey | 75 | |
| Basic commands | 296 | |
| Build / train | 119 | |
| Enter build submenu | 25 | |
| Enter hero's abilities submenu | 12 | |
| Give item / drop item | 3 | |
| Remove unit from queue | 1 | |
| Right click | 1902 | |
| Select / deselect | 515 | |
| Select group hotkey | 1889 | |
| Use ability | 246 | |
5083 total
» units
| Peasant | 21 | |
| Gryphon Rider | 14 | |
| Mortar Team | 6 | |
41 total
» upgrades
| Masonry | 3 | |
| Lumber Harvesting | 2 | |
| Swords | 3 | |
| Armor | 3 | |
| Storm Hammers | 1 | |
| Gunpowder | 3 | |
| Flare | 1 | |
| Fragmentation Shards | 1 | |
| Barrage | 1 | |
18 total
» buildings
| Altar of Kings | 1 | |
| Farm | 12 | |
| Scout Tower | 36 | |
| Arcane Tower | 1 | |
| Lumber Mill | 1 | |
| Guard Tower | 15 | |
| Keep | 1 | |
| Blacksmith | 4 | |
| Castle | 1 | |
| Gryphon Aviary | 3 | |
| Arcane Vault | 1 | |
| Town Hall | 2 | |
| Workshop | 4 | |
82 total
» build order
00:24 Altar of Kings
00:45 Farm
01:00 Scout Tower
01:27 Arcane Tower
01:37 Farm
02:01 Lumber Mill
02:13 Farm
02:55 Scout Tower
02:57 Scout Tower
02:58 Scout Tower
02:59 Scout Tower
03:01 Scout Tower
03:28 Guard Tower
03:44 Guard Tower
03:53 Guard Tower
04:35 Keep
05:07 Blacksmith
05:08 Blacksmith
05:09 Blacksmith
05:11 Blacksmith
06:13 Scout Tower
06:15 Scout Tower
06:16 Scout Tower
06:17 Scout Tower
06:18 Scout Tower
07:03 Guard Tower
07:07 Castle
07:36 Guard Tower
07:48 Gryphon Aviary
09:36 Gryphon Aviary
09:41 Farm
09:42 Farm
09:43 Farm
09:44 Farm
09:44 Farm
09:45 Farm
12:15 Gryphon Aviary
14:48 Arcane Vault
18:48 Scout Tower
18:48 Scout Tower
18:50 Scout Tower
18:50 Scout Tower
18:51 Scout Tower
18:51 Scout Tower
18:52 Scout Tower
18:52 Scout Tower
20:15 Guard Tower
20:16 Guard Tower
22:44 Town Hall
22:46 Scout Tower
22:46 Scout Tower
22:47 Scout Tower
22:48 Scout Tower
22:48 Scout Tower
22:48 Scout Tower
22:49 Scout Tower
22:50 Scout Tower
22:58 Scout Tower
23:39 Guard Tower
24:31 Guard Tower
25:02 Scout Tower
25:02 Scout Tower
25:05 Guard Tower
25:05 Guard Tower
25:12 Farm
25:12 Farm
25:12 Farm
25:35 Guard Tower
31:09 Town Hall
31:11 Scout Tower
31:12 Scout Tower
31:12 Scout Tower
31:12 Scout Tower
31:13 Scout Tower
31:20 Workshop
31:24 Workshop
32:17 Workshop
32:18 Workshop
32:21 Guard Tower
» items
| Staff of Teleportation | 3 | |
| Dust of Appearance | 1 | |
| Scroll of Regeneration | 1 | |
| Potion of Mana | 2 | |
| Scroll of Town Portal | 2 | |
| Potion of Lesser Invulnerability | 3 | |
| Scroll of Healing | 3 | |
| Potion of Invisibility | 4 | |
| Boots of Speed | 2 | |
| Orb of Fire | 1 | |
22 total
i-want-to-lose (
pink | 43 APM | 2438 actions | 57:16)
6 Blademaster
3 Critical Strike
2 Wind Walk
1 Bladestorm
5 Shadow Hunter
3 Healing Wave
2 Hex
5 Tauren Chieftain
3 Endurance Aura
2 War Stomp
» actions
| Assign group hotkey | 273 | |
| Basic commands | 5 | |
| Build / train | 62 | |
| Enter build submenu | 12 | |
| Enter hero's abilities submenu | 16 | |
| Give item / drop item | 16 | |
| Right click | 1151 | |
| Select / deselect | 432 | |
| Select group hotkey | 361 | |
| Use ability | 109 | |
2438 total
» units
» upgrades
| Spiked Barricades | 1 | |
| Reinforced Defenses | 1 | |
2 total
» buildings
| Orc Burrow | 2 | |
| Altar of Storms | 1 | |
| Voodoo Lounge | 2 | |
| Stronghold | 1 | |
| War Mill | 1 | |
| Watch Tower | 6 | |
| Fortress | 1 | |
14 total
» build order
00:07 Orc Burrow
00:11 Altar of Storms
00:55 Voodoo Lounge
02:21 Stronghold
02:33 Orc Burrow
03:09 Voodoo Lounge
03:24 War Mill
05:21 Watch Tower
05:25 Watch Tower
06:31 Fortress
07:16 Watch Tower
08:20 Watch Tower
08:24 Watch Tower
09:38 Watch Tower
» items
| Healing Salve | 3 | |
| Potion of Healing | 11 | |
| Orb of Lightning | 3 | |
| Boots of Speed | 2 | |
| Periapt of Vitality | 9 | |
| Scroll of Town Portal | 1 | |
| Potion of Mana | 1 | |
| Scroll of Healing | 1 | |
| Potion of Lesser Invulnerability | 1 | |
32 total
team 2 (loser)
SIM_CITY_SUSHI (
red | 15 APM | 1717 actions | 115:44)
5 Paladin
3 Devotion Aura
2 Holy Light
5 Mountain King
3 Bash
2 Thunder Clap
8 Blood Mage
3 Flame Strike
3 Siphon Mana
1 Summon Phoenix
1 Banish
» actions
| Assign group hotkey | 5 | |
| Basic commands | 212 | |
| Build / train | 114 | |
| Enter build submenu | 52 | |
| Enter hero's abilities submenu | 19 | |
| Remove unit from queue | 11 | |
| Right click | 763 | |
| Select / deselect | 329 | |
| Select group hotkey | 25 | |
| Use ability | 187 | |
1717 total
» units
| Peasant | 27 | |
| Gryphon Rider | 21 | |
| Rifleman | 4 | |
52 total
» upgrades
| Lumber Harvesting | 2 | |
| Masonry | 3 | |
| Magic Sentry | 1 | |
| Backpack | 1 | |
| Swords | 3 | |
| Plating | 0 | |
| Storm Hammers | 1 | |
| Armor | 3 | |
| Spiked Barricades | 1 | |
15 total
» buildings
| Farm | 90 | |
| Keep | 2 | |
| Lumber Mill | 2 | |
| Altar of Kings | 2 | |
| Castle | 1 | |
| Blacksmith | 1 | |
| Scout Tower | 36 | |
| Arcane Sanctum | 1 | |
| Town Hall | 2 | |
| Guard Tower | 9 | |
| Arcane Vault | 3 | |
| Gryphon Aviary | 1 | |
| Workshop | 1 | |
| Barracks | 1 | |
| Watch Tower | 28 | |
| Altar of Storms | 1 | |
181 total
» build order
01:34 Farm
01:40 Farm
01:54 Keep
02:42 Farm
02:44 Farm
02:49 Farm
02:53 Farm
02:55 Farm
03:02 Farm
03:27 Lumber Mill
04:48 Altar of Kings
05:02 Farm
05:14 Farm
05:55 Castle
06:31 Farm
06:33 Farm
06:36 Farm
06:44 Farm
06:53 Farm
06:54 Farm
07:00 Blacksmith
07:06 Farm
07:07 Farm
07:15 Scout Tower
07:17 Scout Tower
08:52 Farm
08:54 Farm
08:55 Farm
08:56 Farm
09:17 Farm
09:18 Farm
09:20 Farm
09:21 Farm
10:45 Scout Tower
10:46 Scout Tower
10:48 Scout Tower
10:50 Scout Tower
10:51 Scout Tower
10:54 Scout Tower
10:56 Scout Tower
10:57 Scout Tower
10:59 Scout Tower
11:01 Scout Tower
11:53 Farm
11:54 Farm
11:56 Farm
11:59 Farm
12:00 Farm
12:04 Farm
12:05 Farm
12:08 Farm
12:21 Arcane Sanctum
12:37 Town Hall
13:53 Farm
13:54 Farm
15:15 Guard Tower
15:34 Farm
15:39 Farm
15:41 Farm
15:54 Farm
15:56 Farm
15:57 Farm
15:59 Farm
16:01 Farm
16:02 Farm
16:16 Arcane Vault
17:17 Gryphon Aviary
17:23 Farm
17:24 Farm
17:26 Farm
17:27 Farm
17:29 Farm
21:26 Workshop
22:33 Scout Tower
22:38 Scout Tower
22:40 Scout Tower
22:42 Scout Tower
22:44 Scout Tower
22:46 Scout Tower
22:49 Scout Tower
23:35 Guard Tower
24:26 Scout Tower
24:27 Scout Tower
24:29 Scout Tower
24:30 Scout Tower
24:46 Keep
26:03 Scout Tower
26:08 Guard Tower
26:15 Guard Tower
26:26 Barracks
26:37 Farm
26:39 Farm
26:41 Farm
26:57 Guard Tower
27:07 Farm
27:08 Farm
27:10 Farm
28:58 Arcane Vault
31:15 Farm
31:16 Farm
31:18 Farm
31:21 Farm
31:22 Farm
31:23 Farm
31:25 Farm
31:26 Farm
32:49 Farm
32:50 Farm
32:51 Farm
32:52 Farm
32:59 Farm
33:00 Farm
33:01 Farm
33:02 Farm
33:15 Farm
33:26 Farm
33:28 Farm
33:30 Farm
33:33 Farm
33:34 Farm
33:36 Farm
33:38 Farm
33:39 Farm
33:40 Farm
33:42 Farm
33:43 Farm
36:18 Scout Tower
36:21 Scout Tower
36:24 Scout Tower
36:25 Scout Tower
36:27 Scout Tower
36:28 Scout Tower
36:32 Scout Tower
36:36 Scout Tower
36:38 Scout Tower
36:43 Scout Tower
36:44 Scout Tower
36:46 Scout Tower
38:03 Town Hall
38:57 Lumber Mill
40:54 Guard Tower
41:05 Guard Tower
42:38 Guard Tower
42:52 Guard Tower
50:39 Watch Tower
50:40 Watch Tower
50:43 Watch Tower
50:44 Watch Tower
50:47 Watch Tower
50:48 Watch Tower
50:51 Watch Tower
50:53 Watch Tower
51:05 Altar of Storms
51:32 Watch Tower
51:33 Watch Tower
51:36 Watch Tower
51:37 Watch Tower
51:40 Watch Tower
51:41 Watch Tower
51:43 Watch Tower
51:44 Watch Tower
51:45 Watch Tower
51:46 Watch Tower
51:48 Watch Tower
51:50 Watch Tower
51:52 Watch Tower
51:53 Watch Tower
51:54 Watch Tower
51:55 Watch Tower
51:56 Watch Tower
51:57 Watch Tower
51:59 Watch Tower
52:01 Watch Tower
61:09 Altar of Kings
61:19 Farm
61:20 Farm
61:22 Farm
61:23 Farm
61:26 Farm
61:27 Farm
74:43 Arcane Vault
» items
Ziggaraaaaaauts (
blue | 75 APM | 8643 actions | 115:44)
10 Death Knight
3 Death Coil
3 Unholy Aura
1 Animate Dead
3 Death Pact
5 Lich
3 Frost Nova
2 Frost Armor
» actions
| Assign group hotkey | 94 | |
| Basic commands | 438 | |
| Build / train | 184 | |
| ESC pressed | 10 | |
| Enter build submenu | 169 | |
| Enter hero's abilities submenu | 15 | |
| Remove unit from queue | 1 | |
| Right click | 4219 | |
| Select / deselect | 1419 | |
| Select group hotkey | 1836 | |
| Use ability | 258 | |
8643 total
» units
| Acolyte | 18 | |
| Ghoul | 9 | |
| Frost Wyrm | 5 | |
32 total
» upgrades
| Unholy Strength | 3 | |
| Necromancer Training | 2 | |
| Exhume Corpses | 1 | |
| Skeletal Longevity | 1 | |
| Unholy Armor | 3 | |
| Skeletal Mastery | 1 | |
| Ghoul Frenzy | 1 | |
| Creature Attack | 3 | |
| Creature Carapace | 3 | |
| Freezing Breath | 1 | |
19 total
» buildings
| Ziggurat | 136 | |
| Crypt | 1 | |
| Tomb of Relics | 1 | |
| Nerubian Tower | 37 | |
| Graveyard | 2 | |
| Altar of Darkness | 1 | |
| Spirit Tower | 69 | |
| Necropolis | 2 | |
| Halls of the Dead | 1 | |
| Slaughterhouse | 2 | |
| Temple of the Damned | 1 | |
| Black Citadel | 1 | |
| Sacrificial Pit | 1 | |
| Boneyard | 7 | |
262 total
» build order
00:14 Ziggurat
00:43 Crypt
00:58 Ziggurat
01:03 Ziggurat
02:00 Ziggurat
02:04 Ziggurat
02:30 Tomb of Relics
03:03 Ziggurat
03:09 Ziggurat
03:31 Nerubian Tower
03:31 Nerubian Tower
06:17 Graveyard
06:26 Ziggurat
06:41 Altar of Darkness
07:05 Ziggurat
07:06 Ziggurat
07:08 Ziggurat
07:09 Ziggurat
07:12 Ziggurat
07:13 Ziggurat
07:15 Ziggurat
07:16 Ziggurat
07:55 Nerubian Tower
07:56 Nerubian Tower
08:08 Spirit Tower
08:09 Spirit Tower
08:11 Spirit Tower
08:11 Spirit Tower
09:35 Ziggurat
09:43 Ziggurat
09:46 Ziggurat
09:50 Ziggurat
10:01 Necropolis
10:37 Spirit Tower
10:39 Spirit Tower
10:42 Nerubian Tower
10:42 Nerubian Tower
10:53 Ziggurat
10:57 Ziggurat
10:58 Ziggurat
10:59 Ziggurat
11:01 Ziggurat
11:55 Nerubian Tower
11:56 Nerubian Tower
12:19 Ziggurat
12:21 Ziggurat
13:10 Spirit Tower
13:10 Spirit Tower
13:11 Spirit Tower
13:13 Spirit Tower
13:22 Ziggurat
13:23 Ziggurat
13:25 Ziggurat
13:26 Ziggurat
13:39 Nerubian Tower
13:39 Nerubian Tower
14:18 Spirit Tower
14:20 Nerubian Tower
14:22 Spirit Tower
14:22 Nerubian Tower
14:35 Halls of the Dead
14:38 Spirit Tower
14:38 Spirit Tower
14:40 Spirit Tower
14:45 Spirit Tower
16:37 Ziggurat
16:39 Ziggurat
16:41 Ziggurat
16:43 Ziggurat
16:43 Ziggurat
16:44 Ziggurat
16:46 Ziggurat
16:47 Ziggurat
16:49 Ziggurat
16:51 Ziggurat
16:58 Ziggurat
16:59 Ziggurat
17:00 Ziggurat
17:01 Ziggurat
17:01 Ziggurat
17:04 Ziggurat
17:05 Ziggurat
17:06 Ziggurat
17:10 Ziggurat
17:15 Ziggurat
17:52 Slaughterhouse
17:55 Ziggurat
18:01 Temple of the Damned
18:05 Ziggurat
18:33 Nerubian Tower
18:35 Nerubian Tower
18:36 Nerubian Tower
18:37 Nerubian Tower
18:39 Spirit Tower
18:40 Spirit Tower
18:41 Spirit Tower
18:42 Spirit Tower
19:37 Slaughterhouse
19:44 Spirit Tower
19:45 Spirit Tower
19:46 Spirit Tower
19:47 Nerubian Tower
20:01 Spirit Tower
20:10 Spirit Tower
20:11 Spirit Tower
20:18 Spirit Tower
20:19 Spirit Tower
20:20 Spirit Tower
20:22 Nerubian Tower
20:49 Graveyard
21:42 Black Citadel
23:50 Sacrificial Pit
27:28 Necropolis
28:37 Ziggurat
28:38 Ziggurat
28:39 Ziggurat
28:40 Ziggurat
28:42 Ziggurat
28:43 Ziggurat
28:59 Ziggurat
31:08 Nerubian Tower
31:09 Nerubian Tower
31:09 Spirit Tower
31:10 Spirit Tower
31:10 Spirit Tower
31:10 Spirit Tower
32:14 Ziggurat
32:16 Ziggurat
32:17 Ziggurat
32:18 Ziggurat
32:19 Ziggurat
32:36 Ziggurat
32:37 Ziggurat
32:39 Ziggurat
32:40 Ziggurat
32:41 Ziggurat
32:43 Ziggurat
33:17 Ziggurat
33:18 Ziggurat
33:43 Nerubian Tower
33:47 Spirit Tower
33:51 Nerubian Tower
34:14 Spirit Tower
34:14 Spirit Tower
34:27 Ziggurat
34:28 Ziggurat
34:55 Ziggurat
34:56 Ziggurat
35:30 Spirit Tower
35:31 Spirit Tower
35:46 Ziggurat
35:56 Spirit Tower
36:47 Ziggurat
36:48 Ziggurat
36:49 Ziggurat
36:53 Spirit Tower
37:36 Ziggurat
38:02 Ziggurat
38:12 Spirit Tower
38:14 Ziggurat
38:15 Ziggurat
38:16 Ziggurat
38:17 Ziggurat
38:19 Ziggurat
38:19 Ziggurat
38:21 Ziggurat
38:23 Ziggurat
38:28 Ziggurat
38:28 Ziggurat
38:30 Ziggurat
38:54 Nerubian Tower
39:07 Spirit Tower
39:08 Spirit Tower
39:11 Spirit Tower
39:11 Spirit Tower
39:12 Spirit Tower
39:12 Spirit Tower
39:14 Spirit Tower
39:15 Spirit Tower
39:17 Spirit Tower
39:17 Spirit Tower
39:19 Spirit Tower
39:19 Spirit Tower
39:20 Spirit Tower
39:27 Nerubian Tower
39:29 Nerubian Tower
39:31 Spirit Tower
41:30 Ziggurat
41:31 Ziggurat
41:32 Ziggurat
41:33 Ziggurat
41:35 Ziggurat
41:36 Ziggurat
41:37 Ziggurat
41:43 Ziggurat
41:44 Ziggurat
41:45 Ziggurat
41:46 Ziggurat
41:47 Ziggurat
41:48 Ziggurat
41:49 Ziggurat
42:23 Ziggurat
42:24 Ziggurat
42:31 Ziggurat
42:37 Ziggurat
42:49 Ziggurat
42:50 Ziggurat
42:51 Ziggurat
42:55 Nerubian Tower
42:56 Nerubian Tower
42:56 Nerubian Tower
42:58 Nerubian Tower
42:59 Nerubian Tower
43:00 Nerubian Tower
43:03 Spirit Tower
43:21 Ziggurat
43:25 Ziggurat
43:28 Nerubian Tower
43:30 Spirit Tower
43:46 Nerubian Tower
43:54 Spirit Tower
44:14 Spirit Tower
44:16 Spirit Tower
44:50 Boneyard
44:51 Boneyard
45:26 Ziggurat
45:26 Ziggurat
45:27 Ziggurat
46:27 Ziggurat
46:28 Ziggurat
46:41 Ziggurat
46:44 Ziggurat
46:45 Ziggurat
46:46 Ziggurat
47:03 Nerubian Tower
47:04 Spirit Tower
47:32 Spirit Tower
47:32 Spirit Tower
47:43 Nerubian Tower
47:44 Spirit Tower
47:46 Boneyard
47:47 Boneyard
48:22 Boneyard
48:26 Boneyard
48:44 Ziggurat
48:45 Ziggurat
48:46 Ziggurat
48:47 Ziggurat
48:52 Ziggurat
48:55 Ziggurat
48:57 Ziggurat
49:12 Ziggurat
49:32 Ziggurat
49:41 Ziggurat
50:15 Nerubian Tower
50:34 Nerubian Tower
51:28 Spirit Tower
51:30 Spirit Tower
85:42 Boneyard
» items
| Sacrificial Skull | 3 | |
| Potion of Healing | 1 | |
| Scroll of Healing | 2 | |
| Scroll of Regeneration | 1 | |
7 total
PeonTheWall (
yellow | 29 APM | 1141 actions | 39:04)
5 Archmage
2 Summon Water Elemental
3 Brilliance Aura
5 Paladin
1 Divine Shield
3 Devotion Aura
1 Holy Light
» actions
| Basic commands | 39 | |
| Build / train | 104 | |
| ESC pressed | 1 | |
| Enter build submenu | 40 | |
| Enter hero's abilities submenu | 10 | |
| Give item / drop item | 1 | |
| Remove unit from queue | 2 | |
| Right click | 474 | |
| Select / deselect | 389 | |
| Use ability | 81 | |
1141 total
» units
| Peasant | 14 | |
| Rifleman | 5 | |
| Priest | 6 | |
| Siege Engine | 12 | |
| Knight | 3 | |
| Sorceress | 3 | |
| Spell Breaker | 2 | |
| Mortar Team | 4 | |
49 total
» upgrades
| Gunpowder | 3 | |
| Lumber Harvesting | 2 | |
| Long Rifles | 1 | |
| Priest Training | 2 | |
| Magic Sentry | 1 | |
| Plating | 3 | |
| Masonry | 1 | |
| Barrage | 1 | |
| Animal War Training | 1 | |
| Sorceress Training | 2 | |
| Swords | 2 | |
| Fragmentation Shards | 1 | |
| Flare | 1 | |
| Flak Cannons | 1 | |
22 total
» buildings
| Altar of Kings | 1 | |
| Farm | 13 | |
| Barracks | 1 | |
| Blacksmith | 1 | |
| Lumber Mill | 1 | |
| Scout Tower | 19 | |
| Keep | 1 | |
| Arcane Tower | 1 | |
| Castle | 1 | |
| Arcane Sanctum | 1 | |
| Workshop | 2 | |
| Town Hall | 1 | |
| Guard Tower | 9 | |
| Arcane Vault | 1 | |
| Spirit Lodge | 1 | |
54 total
» build order
00:17 Altar of Kings
00:31 Farm
00:58 Barracks
01:25 Blacksmith
01:44 Farm
02:13 Farm
02:29 Lumber Mill
02:38 Scout Tower
03:04 Farm
03:49 Keep
04:42 Arcane Tower
04:51 Farm
04:58 Scout Tower
06:16 Castle
06:58 Arcane Sanctum
08:39 Farm
08:47 Workshop
09:24 Farm
10:15 Farm
10:39 Town Hall
10:44 Scout Tower
10:48 Scout Tower
11:36 Guard Tower
11:47 Scout Tower
12:46 Scout Tower
12:49 Guard Tower
13:31 Guard Tower
13:41 Scout Tower
13:43 Guard Tower
15:07 Guard Tower
16:10 Arcane Vault
16:37 Farm
18:25 Farm
18:30 Farm
20:05 Scout Tower
20:11 Farm
21:12 Workshop
21:20 Guard Tower
21:24 Scout Tower
21:29 Scout Tower
21:32 Scout Tower
21:34 Scout Tower
21:35 Scout Tower
21:43 Scout Tower
21:46 Scout Tower
22:46 Farm
24:22 Guard Tower
24:35 Scout Tower
24:57 Scout Tower
25:14 Guard Tower
27:30 Spirit Lodge
29:38 Guard Tower
29:42 Scout Tower
29:46 Scout Tower
» items
| Potion of Lesser Invulnerability | 2 | |
| Scroll of Town Portal | 4 | |
| Periapt of Vitality | 1 | |
7 total

»
samcookie (
green | 19 APM | 497 actions | 26:43)
3 Blademaster
1 Wind Walk
1 Critical Strike
1 Mirror Image
» actions
| Build / train | 51 | |
| Enter build submenu | 33 | |
| Enter hero's abilities submenu | 3 | |
| Right click | 204 | |
| Select / deselect | 167 | |
| Use ability | 39 | |
497 total
» units
| Peon | 10 | |
| Troll Headhunter/Berserker | 14 | |
| Raider | 10 | |
34 total
» upgrades
| Spiked Barricades | 2 | |
| Troll Regeneration | 1 | |
| Ranged Weapons | 3 | |
| Melee Weapons | 3 | |
| Ensnare | 1 | |
| Reinforced Defenses | 1 | |
11 total
» buildings
| War Mill | 1 | |
| Altar of Storms | 1 | |
| Orc Burrow | 13 | |
| Barracks | 1 | |
| Stronghold | 1 | |
| Watch Tower | 10 | |
| Beastiary | 2 | |
| Fortress | 1 | |
| Great Hall | 1 | |
31 total
» build order
00:06 War Mill
00:10 Altar of Storms
00:57 Orc Burrow
01:40 Orc Burrow
02:10 Orc Burrow
02:46 Barracks
03:40 Orc Burrow
05:07 Stronghold
05:35 Watch Tower
05:41 Watch Tower
05:51 Watch Tower
06:48 Watch Tower
06:58 Watch Tower
08:04 Beastiary
08:10 Beastiary
10:35 Fortress
13:41 Orc Burrow
14:48 Orc Burrow
18:55 Watch Tower
19:08 Watch Tower
19:36 Orc Burrow
20:31 Orc Burrow
20:37 Orc Burrow
21:07 Watch Tower
21:45 Orc Burrow
21:51 Orc Burrow
22:37 Watch Tower
22:42 Watch Tower
23:37 Orc Burrow
23:41 Orc Burrow
25:13 Great Hall
Chat log
(00:09 / All) Simpies: he says to play
(01:07 / Allies) G13M: units?
(01:16 / All) Ziggaraaaaaauts: undead farm so expensive
(01:21 / All) SIM_CITY_KID: nein
(01:27 / All) SIM_CITY_SUSHI: bcuz it r towar
(01:54 / All) SIM_CITY_KID: as the mayor, i am oversee the town's trials and tribulations
(02:05 / All) Simpies: nice
(02:22 / All) SIM_CITY_SUSHI: as a level 87 Paladin, I oversee WoW sucking even more
(02:53 / All) Ziggaraaaaaauts: as a silver league protoss player, i oversee bnet 0.2
(05:29 / All) Simpies: Let's just get these out of the way ll
(05:35 / All) SIM_CITY_KID: i did it to take orange's exp tome lawl
(05:37 / Allies) G13M: bitch
(05:38 / All) SIM_CITY_KID: a orange bm is at me
(05:41 / All) Ziggaraaaaaauts: we lost red
(05:55 / All) Ziggaraaaaaauts: oh nm he shared
(06:37 / All) SIM_CITY_KID: orange i am the mayor, tis not wise to commit crimes against the mayor
(06:44 / All) SIM_CITY_KID: i have pockets full of dough
(06:55 / All) SIM_CITY_KID: and the 3rd brigade at my fingertips
(06:56 / All) Simpies: orange
(07:11 / All) Simpies: I'm sending your butt to the mayor to explain why he and his three daughters won't be getting their PILLS this omnth
(08:07 / All) SIM_CITY_KID: the mayor wants to call a town meeting
(08:10 / All) SIM_CITY_KID: at town square
(08:12 / All) SIM_CITY_KID: who is with me
(08:16 / Allies) Simpies: sure
(08:22 / All) Ziggaraaaaaauts: i will meet you
(08:34 / All) Ziggaraaaaaauts: I'm sending an envoy
(08:35 / All) SIM_CITY_SUSHI: me 2
(08:37 / All) SIM_CITY_KID: the pink brigade is present, all 2 soldiers
(08:49 / All) Simpies: And my Axe!
(09:18 / All) Ziggaraaaaaauts: it appears my envoy got lost
(09:24 / All) Ziggaraaaaaauts: and stumbled upon your associates
(10:15 / All) Simpies: NO
(10:17 / All) Simpies: NOT MOK
(11:18 / All) SIM_CITY_KID: our town meeting has ended in a standoff
(11:36 / All) Ziggaraaaaaauts: why have you killed my messenger
(11:41 / All) SIM_CITY_SUSHI: better than a jew off
(11:49 / All) Simpies: Awww yeah
(11:52 / All) Simpies: getting a petting zoo
(11:56 / All) SIM_CITY_KID: the messenger shall be avenged
(12:07 / All) SIM_CITY_KID: tis a noble job, to be an errand boy
(12:07 / All) Simpies: Taxpayer dollars are finally being put to good use
(12:08 / All) Ziggaraaaaaauts: i demand 5 shekels
(12:34 / All) SIM_CITY_KID: easy orange
(13:17 / All) Simpies: I WILL DEFEND THE MAYOR
(13:19 / All) Simpies: OF TEAL CITY
(13:26 / Allies) G13M: :P
(14:00 / All) SIM_CITY_KID: not wise to upset the mayor orange
(14:07 / Allies) G13M: :P
(14:22 / Allies) G13M: my apologies
(14:35 / All) SIM_CITY_KID: i will not allow ur beastaries to go up
(14:40 / All) SIM_CITY_KID: make the demos if u wish
(14:41 / Allies) Simpies: Teal I advise you to create some shops. This will allow more money into your town
(14:56 / Allies) Simpies: now if y'ou'll excuse me
(15:03 / Allies) Simpies: i have a zoo to continue making
(16:08 / All) SIM_CITY_KID: the mayor is sending in the men
(16:32 / Allies) Simpies: we're almost through
(16:47 / Allies) Simpies: G
(16:49 / All) Simpies: Good work
(17:10 / All) Simpies: KILL THE ORANGE-CLAD ALIEN MENACE!
(17:32 / Allies) Simpies: ./r lol
(18:40 / All) SIM_CITY_KID: the orange brigade must be punished
(19:53 / All) SIM_CITY_KID: pro dk
(19:54 / Allies) Simpies: yeah
(20:03 / Allies) Simpies: be right there
(22:39 / All) Simpies: towers
(22:42 / All) Simpies: Towers everywhere
(23:13 / Allies) Simpies: omw teal
(23:55 / All) Simpies: he was a good man
(23:57 / All) Simpies: What a rotten way to die
(25:41 / All) Simpies: you
(25:45 / All) Simpies: how did you get an infernal?
(25:52 / All) Simpies: teal
(26:03 / All) Simpies: ?
(30:45 / Allies) Simpies: wioops
(30:48 / Allies) Simpies: pionk ckilled me lol
(30:54 / All) SIM_CITY_KID: really lalw
(30:57 / Allies) Simpies: yaeh
(31:36 / All) G13M: lol i cant believe this shit
(31:44 / All) SIM_CITY_KID: i am the mayor
(31:48 / All) G13M: 4 vs 1 basically
(31:49 / All) SIM_CITY_KID: what do u expect
(31:52 / All) G13M: no one has units
(31:53 / All) PeonTheWall: its easy they are in it together dont u get it
(32:00 / All) Simpies: First time someone said ANYTHING about what was happening in this game
(32:17 / All) PeonTheWall: look fool
(32:25 / All) PeonTheWall: they have a guy on each team
(32:32 / All) Simpies: they do?
(32:40 / All) PeonTheWall: they talk to each other but wont attack each other
(32:45 / All) Simpies: oh
(32:52 / Allies) Simpies: wood pelase if you got
(32:55 / All) SIM_CITY_KID: your outlandish lies
(32:58 / All) SIM_CITY_KID: are blashemphy
(33:00 / All) PeonTheWall: the game is to prolomg the game until only they are left
(33:10 / Allies) Simpies: thanks
(33:29 / Allies) Simpies: thanks
(33:32 / All) PeonTheWall: the other clown alway warns them
(33:34 / Allies) G13M: :)
(33:42 / All) Ziggaraaaaaauts: the nerve of them
(33:43 / All) SIM_CITY_KID: what tis this clown u speak of
(33:58 / All) Ziggaraaaaaauts: me?
(34:02 / All) Ziggaraaaaaauts: never!
(34:03 / All) PeonTheWall: blu is the orther
(34:12 / All) Ziggaraaaaaauts: wait, i'm both?
(34:17 / Allies) G13M: can i expo here
(34:29 / All) SIM_CITY_KID: with what orange, can heros make halls?
(34:40 / Allies) Simpies: omw
(34:41 / All) G13M: they can buy halls
(35:33 / Allies) Simpies: nice job
(35:45 / Allies) Simpies: dmna\
(35:46 / All) PeonTheWall: lmfao
(35:46 / Allies) Simpies: that was close
(35:52 / All) Simpies: so close
(36:03 / All) PeonTheWall: im playin 1 v 5
(36:10 / All) Simpies: how
(36:10 / All) Ziggaraaaaaauts: how''d you do that math?
(36:11 / All) Simpies: The hell
(36:13 / All) Simpies: do you figurethat
(36:16 / All) Simpies: WE KILLED ORANGE
(36:21 / All) Ziggaraaaaaauts: orange is gone
(36:24 / All) PeonTheWall: no u didint
(36:26 / All) Simpies: yeah
(36:27 / All) Ziggaraaaaaauts: and me and red aren't against you
(36:27 / All) Simpies: we did
(36:34 / All) PeonTheWall: his bm was killin my units
(36:38 / All) Simpies: ok fine
(36:41 / All) Simpies: he has a bm running around
(36:43 / All) Simpies: but we killed his base
(36:53 / All) PeonTheWall: not the same
(37:01 / All) PeonTheWall: a bm is a hero killer
(37:02 / All) Simpies: it is if you aren't bad
(37:38 / All) PeonTheWall: see
(37:45 / All) Simpies: sof ucking heal him
(37:46 / All) Ziggaraaaaaauts: ?
(37:50 / All) Simpies: It's really not that hard
(38:37 / All) PeonTheWall: poorly played
(38:37 / All) i-want-to-lose: lolz yellow is noob
(38:51 / All) SIM_CITY_KID: i am the mayor yellow
(38:52 / All) PeonTheWall: better than all of u any day
(38:52 / Allies) Simpies: nice hereos pink lol
(38:56 / All) SIM_CITY_KID: what would u say, if i were to let u live
(38:57 / All) Simpies: lol
(38:59 / All) PeonTheWall: ur just a clown
(39:02 / All) i-want-to-lose: not true yellow, blue is better than everyone here combined
(39:09 / All) Ziggaraaaaaauts: ^
(39:11 / All) Simpies: so whos who here by the way
(39:18 / All) Simpies: <- pies
(39:23 / All) Ziggaraaaaaauts: <-- ruin
(39:29 / All) SIM_CITY_SUSHI: <-- El Generico
(39:35 / All) SIM_CITY_SUSHI: the generic luchadore
(39:41 / All) SIM_CITY_SUSHI: from Tiajuana Canada
(40:48 / All) SIM_CITY_KID: purple is my assistant mayor
(40:49 / All) SIM_CITY_KID: pink
(40:54 / All) SIM_CITY_KID: his word is the law
(41:05 / All) Simpies: it'st rue
(41:13 / All) SIM_CITY_SUSHI: it's damn true
(42:21 / All) SIM_CITY_KID: u swine
(42:22 / All) SIM_CITY_KID: lalw
(42:28 / All) SIM_CITY_KID: dont run from the mirror
(42:30 / Allies) G13M: fags
(42:40 / All) SIM_CITY_KID: look at this guy
(42:41 / All) SIM_CITY_KID: pink
(42:44 / All) SIM_CITY_KID: the pink brigade
(42:47 / All) SIM_CITY_KID: trying to get off easy
(42:48 / All) SIM_CITY_KID: is he
(42:54 / All) SIM_CITY_KID: we have a tax
(42:56 / All) SIM_CITY_KID: for traitors
(43:08 / All) SIM_CITY_KID: homeland security exists for a reason
(43:40 / All) Ziggaraaaaaauts: and yellow scoffed at my 8k gold
(43:43 / All) Ziggaraaaaaauts: what would he say now
(43:46 / All) SIM_CITY_KID: 9 k here lawl
(43:52 / All) Simpies: i have 23k
(43:57 / All) Simpies: u guys re noobs
(43:58 / All) Ziggaraaaaaauts: woah watch out
(44:01 / All) Ziggaraaaaaauts: no fly zone
(44:07 / All) Ziggaraaaaaauts: heavy turbulence
(44:59 / All) SIM_CITY_KID: the mayor has come
(45:01 / All) SIM_CITY_KID: to sentence u
(45:04 / All) Simpies: oh
(45:04 / All) SIM_CITY_KID: pink brigade
(45:05 / All) Simpies: sorry
(45:06 / All) Simpies: That's red
(45:06 / All) Simpies: Lol
(45:11 / All) Simpies: woops
(45:18 / All) Simpies: didn't notice that til now
(45:18 / All) Ziggaraaaaaauts: that's like the fourth time
(45:20 / All) Ziggaraaaaaauts: you
(45:23 / All) Ziggaraaaaaauts: have done that
(45:27 / All) Simpies: sorry :o
(45:46 / All) Simpies: For some reason I thought he was geren
(46:16 / All) SIM_CITY_KID: lawl
(46:18 / Allies) Simpies: lol woops
(46:27 / All) SIM_CITY_KID: follow
(46:34 / All) SIM_CITY_KID: follow the mayor and his assistant
(46:41 / All) Simpies: loook
(46:42 / All) Simpies: sushi
(46:44 / All) Simpies: Im reall sorry
(47:11 / All) Ziggaraaaaaauts: woah
(47:18 / All) Simpies: Shoulda yelled at me earlier
(47:20 / All) Simpies: lol
(47:31 / All) SIM_CITY_SUSHI: no u
(47:51 / All) SIM_CITY_SUSHI: i anlyt gat 3k :<<<<<
(47:59 / All) SIM_CITY_SUSHI: cash4gold offard me $18
(48:04 / All) Ziggaraaaaaauts: im poor too
(48:05 / All) Ziggaraaaaaauts: :(
(48:29 / All) SIM_CITY_KID: the mayor is upset pink
(48:34 / All) Simpies: yeah?
(48:40 / Allies) Simpies: kill
(49:01 / Allies) Simpies: get a boots on your mk
(49:18 / All) Ziggaraaaaaauts: any free gold mines?
(49:30 / All) Simpies: no
(49:47 / All) SIM_CITY_SUSHI: any spare whores?
(49:48 / All) SIM_CITY_KID: purp are u pies?
(49:53 / All) SIM_CITY_KID: i can give u items
(49:53 / All) SIM_CITY_SUSHI: yes
(50:55 / All) SIM_CITY_KID: staff lalw
(50:58 / All) Simpies: teals killing me
(51:06 / All) SIM_CITY_KID: no lawl
(51:10 / All) SIM_CITY_KID: im killing needless buildigns
(51:15 / All) Simpies: ko
(51:29 / All) SIM_CITY_KID: i am the mayor, need to clean up buildings with no value
(51:37 / All) Simpies: I think the barracks had value lol
(51:55 / All) SIM_CITY_KID: i never said i was a good mayor
(52:09 / All) SIM_CITY_KID: i got my GED cuz had to take care of my lil sister who got preg by some hoodlum
(52:21 / All) Simpies: lol
(52:34 / Allies) Simpies: so let's get green or somethign?
(52:39 / Allies) Simpies: you ahve morts
(52:42 / All) SIM_CITY_KID: green brigade shall die
(52:54 / All) Ziggaraaaaaauts: but green bridage has been assimilated
(52:58 / All) Ziggaraaaaaauts: into red brigade
(53:04 / All) Simpies: oh?
(53:06 / All) SIM_CITY_KID: oh i see
(53:28 / Allies) i-want-to-lose: lol
(53:31 / Allies) i-want-to-lose: gj teal
(54:07 / All) SIM_CITY_KID: we have like 50k gold combined lawl
(54:14 / All) Ziggaraaaaaauts: i need some
(54:14 / All) Ziggaraaaaaauts: :/
(54:16 / All) Simpies: i have 35k
(54:21 / All) Ziggaraaaaaauts: i spent all mine
(54:22 / All) SIM_CITY_KID: separate ur other 2 heros and bring ur "main" heor
(54:35 / All) SIM_CITY_KID: kill mid right for exp and gold mine 3k left there
(54:36 / All) Ziggaraaaaaauts: woo
(54:39 / All) Ziggaraaaaaauts: im rich
(54:55 / All) Ziggaraaaaaauts: noo
(54:57 / All) Ziggaraaaaaauts: my ghouls
(56:05 / All) SIM_CITY_KID: oh
(56:07 / All) SIM_CITY_KID: i finally
(56:44 / Allies) i-want-to-lose: nice purp
(56:52 / All) Simpies: thanks
(56:59 / All) SIM_CITY_KID: i just realized and red purpls name
(57:01 / All) SIM_CITY_KID: he is pies
(57:07 / All) Simpies: lol
(57:10 / All) Simpies: i SAID that
(57:14 / All) Simpies: like half an hour ago
(57:19 / All) Simpies: :P:
(57:20 / All) SIM_CITY_KID: pies remember that time we were gonna play diablo 2 together
(57:24 / All) SIM_CITY_KID: and we never did
(57:30 / All) Simpies: Who are you again
(57:35 / All) SIM_CITY_KID: i whispered u for like 5 hours and u finally told me u were on diablo 1
(57:40 / All) SIM_CITY_KID: flamechamp/mugaroiscool
(57:40 / All) Simpies: LOL
(57:43 / All) Simpies: oh
(57:57 / All) Simpies: I don't remember that time but that sounds like a plausible scenario
(57:58 / All) SIM_CITY_KID: i said bring just ur bloodmage moron!
(58:03 / All) SIM_CITY_SUSHI: o
(58:07 / All) SIM_CITY_SUSHI: i retarded
(58:16 / All) SIM_CITY_SUSHI: u should know that by now
(58:17 / All) Ziggaraaaaaauts: sending a charge
(58:20 / All) Ziggaraaaaaauts: of acolytes
(58:24 / All) SIM_CITY_KID: i cant tell u guys how many times people in 4v4 have called me "you asshold"
(58:49 / All) SIM_CITY_SUSHI: how many asses have you held to earn that moniker?
(58:49 / All) Simpies: lol
(58:53 / All) Ziggaraaaaaauts: why can't i unsummon
(58:56 / All) Ziggaraaaaaauts: enemy tower
(59:01 / All) SIM_CITY_KID: lots of men asses i am a homosexual mayor
(59:13 / All) SIM_CITY_KID: orange was a sneaky slimy dog
(59:19 / All) SIM_CITY_SUSHI: I remember a headline that was something like that
(59:42 / All) Ziggaraaaaaauts: my ghoul lumber force is greatly diminished
(59:45 / All) Ziggaraaaaaauts: :(
(59:50 / All) Simpies: owend noo
(59:53 / All) SIM_CITY_KID: there is trees at mid bottom
(59:59 / All) SIM_CITY_KID: purs towers tho
(60:17 / All) Ziggaraaaaaauts: ono
(60:29 / All) SIM_CITY_KID: the beast
(60:31 / All) Ziggaraaaaaauts: run dk
(60:41 / All) Simpies: orb of fire
(60:42 / All) Simpies: Best orb
(61:12 / All) SIM_CITY_KID: orange was cunning
(61:18 / All) Simpies: no
(61:20 / All) Simpies: he wasn't
(61:20 / All) Simpies: Lol
(61:22 / All) SIM_CITY_KID: if those demolishers hit i recog this would be a different result
(61:36 / All) Ziggaraaaaaauts: i figured those were for me
(61:51 / All) SIM_CITY_KID: they are
(62:16 / All) SIM_CITY_KID: ill find u pies will try to kill u
(62:25 / All) Ziggaraaaaaauts: burninate
(63:08 / All) Ziggaraaaaaauts: omg!
(63:09 / All) SIM_CITY_KID: rez at tavern
(63:10 / All) SIM_CITY_KID: lalw
(63:18 / All) SIM_CITY_KID: we must be away from pies
(63:25 / All) Simpies: Ylol
(63:55 / All) SIM_CITY_KID: very bot left
(64:21 / All) SIM_CITY_KID: orange really wants the win
(64:23 / All) SIM_CITY_KID: he has 666 wins
(64:23 / All) SIM_CITY_SUSHI: it only us an d orange douche
(64:52 / All) SIM_CITY_SUSHI: he must take video game seriously
(64:56 / Allies) Simpies: all mines mined out yet?
(64:59 / All) Simpies: nvm bottom ones still up
(65:04 / All) SIM_CITY_SUSHI: he wants Starcraft 2 at London Olympics
(65:43 / All) SIM_CITY_KID: i always get piesofthenorth and piesthebackstab mixed up
(65:45 / All) Ziggaraaaaaauts: peasant
(65:53 / All) Ziggaraaaaaauts: too strong
(65:55 / All) Simpies: lol
(66:00 / All) Simpies: you mine
(66:02 / All) Simpies: r1cethebackstab?
(66:09 / All) Ziggaraaaaaauts: my ghouls
(66:12 / All) SIM_CITY_KID: rice is an old acquitance of mine
(66:20 / All) Ziggaraaaaaauts: no
(66:22 / All) Ziggaraaaaaauts: ghouls
(66:23 / All) SIM_CITY_KID: we are like homosexual lovers
(66:25 / All) SIM_CITY_KID: is red out of gold?
(66:34 / All) Ziggaraaaaaauts: leave ghouls alone
(66:35 / All) SIM_CITY_SUSHI: sort of
(66:42 / All) Simpies: shit that's a lot of wyrm
(66:45 / All) SIM_CITY_KID: rez ur bloodmage? dumb pies keep killing u
(66:54 / All) SIM_CITY_SUSHI: I'm too low to fill out a full patch
(66:55 / All) Simpies: i think i only killed that bloodmage once
(67:07 / All) SIM_CITY_SUSHI: take my bm ware?
(67:14 / All) SIM_CITY_KID: ur base ill put on "M"
(67:18 / All) SIM_CITY_KID: pies cant reach us there
(67:20 / All) SIM_CITY_KID: he dont have mass tp
(67:31 / All) Simpies: BANNED
(67:46 / All) Simpies: kidding
(68:01 / All) SIM_CITY_KID: move from towers
(68:10 / All) Ziggaraaaaaauts: ?
(68:14 / All) Ziggaraaaaaauts: towers give exp too
(68:19 / All) SIM_CITY_KID: not
(68:47 / All) SIM_CITY_KID: how do we have all the gold u guys got just as many mins
(68:50 / All) SIM_CITY_KID: orange are u here
(69:00 / All) Simpies: last mine just ran out
(69:02 / All) Ziggaraaaaaauts: because
(69:04 / All) Ziggaraaaaaauts: we spent all gold
(69:06 / All) Ziggaraaaaaauts: on towers
(69:11 / All) SIM_CITY_SUSHI: bcuz r fags were take em bases
(69:29 / All) SIM_CITY_KID: did u guys have civil war? i recall yellow was giving u hard time
(69:31 / All) SIM_CITY_KID: or green
(69:39 / All) Ziggaraaaaaauts: no
(69:41 / All) SIM_CITY_KID: green's 100 food of raiders died to us 4
(69:42 / All) Simpies: we had to kill our pink and oj
(69:43 / All) Ziggaraaaaaauts: they never attacked
(69:49 / All) Ziggaraaaaaauts: i think yellow was thinking about it
(69:58 / All) Ziggaraaaaaauts: cause i took his base
(70:03 / All) SIM_CITY_KID: orange made 50 food of demolishers and tped my base
(70:33 / All) SIM_CITY_KID: thats why i paused the game earlier, to tp staff and take his exp tome from his blademaster,
(70:41 / All) Simpies: yeah
(70:42 / All) Ziggaraaaaaauts: lol
(70:54 / All) SIM_CITY_SUSHI: trololololololol
(70:55 / All) SIM_CITY_KID: i have perfected the art of creep item jacking,
(71:08 / All) SIM_CITY_KID: im surprised nobody has a lvl 6 heor yet
(71:09 / All) SIM_CITY_SUSHI: that would look good on a resume
(71:14 / All) SIM_CITY_SUSHI: I do
(71:16 / All) Ziggaraaaaaauts: red does
(71:28 / All) G13M: yayyyy finally
(71:34 / All) Ziggaraaaaaauts: ?
(71:36 / All) G13M: kill teal and purp
(71:40 / All) G13M: bunch of fags
(71:42 / All) SIM_CITY_SUSHI: no u
(71:45 / All) Ziggaraaaaaauts: this game never gonna end bro
(71:46 / All) SIM_CITY_KID: i once filled out a job application and for job history put shit like "cut neighbors branches" and "moe neighbors lawn"
(71:51 / All) Ziggaraaaaaauts: WOAH WOAH WOAH
(72:00 / All) SIM_CITY_KID: orange speaks
(72:02 / All) SIM_CITY_KID: that swine
(72:06 / All) G13M: :P
(72:08 / All) SIM_CITY_KID: orange u must apologize to the mayor
(72:12 / All) SIM_CITY_KID: for trying to demo me
(72:24 / All) SIM_CITY_SUSHI: I was jacking off harder
(72:25 / All) G13M: bust 3 nutz
(72:30 / All) G13M: watchin spankwire
(72:41 / All) SIM_CITY_SUSHI: I was watching ur mom undress
(72:46 / All) SIM_CITY_KID: i can only download like 30 sec videos, cant find any more, only the 8 second ones
(73:04 / All) G13M: MY MOM LIVES IN INDIA YOUR MOM LIVES HERE
(73:08 / All) G13M: IT WAS UR SISTER
(73:36 / All) SIM_CITY_SUSHI: oh shit now I'm incest
(73:44 / All) SIM_CITY_SUSHI: see you guys on Dr. Phil tomorrow
(73:48 / All) Simpies: blues level 6 now
(74:36 / All) G13M: LEAVE REAL
(74:39 / All) G13M: SHIT
(74:41 / All) SIM_CITY_KID: u hav emy word, i will not holy light ur dk
(74:42 / All) G13M: ALIVE
(74:55 / All) SIM_CITY_KID: purple still has 35k
(75:02 / All) Simpies: yeah
(75:06 / All) SIM_CITY_KID: red
(75:11 / All) SIM_CITY_KID: go flamestrike my towers bot right
(75:15 / Allies) G13M: IF YOU FUKERS HAD DRAGON HAWKS ITS MURDER
(75:26 / All) SIM_CITY_KID: "if u fukers had dragon hawks its murder" - orange
(75:41 / All) G13M: SORRY DIDNT CHANGE THAT TO ALL
(75:45 / All) Ziggaraaaaaauts: bro
(75:50 / All) Ziggaraaaaaauts: frost wyrms
(75:51 / All) G13M: DRAGON HAWKS OWN :p
(75:52 / All) Ziggaraaaaaauts: best unit in game
(75:54 / All) Ziggaraaaaaauts: no counter
(75:55 / All) Simpies: probably
(76:05 / All) G13M: DRAGON HAWKS OWN YOUR SHIT NO MATTER WAR
(76:07 / All) SIM_CITY_KID: i shouldn't have killed ojs bm
(76:14 / All) Ziggaraaaaaauts: i would have
(76:15 / All) Ziggaraaaaaauts: had you not
(76:18 / All) Simpies: it was being dumb
(76:19 / All) G13M: NO YOU DID THE RIGHT THING
(76:22 / All) SIM_CITY_KID: orange ill give u control u can only use my naga though ok
(76:26 / All) Simpies: see orange agrees
(76:31 / All) G13M: NO THANK YOU
(76:48 / All) Ziggaraaaaaauts: wait
(76:50 / All) Ziggaraaaaaauts: i forgot
(76:53 / All) Ziggaraaaaaauts: there's a well
(76:55 / All) Ziggaraaaaaauts: of healing
(76:55 / All) Ziggaraaaaaauts: lawl
(76:58 / All) Simpies: LOL
(77:14 / All) Ziggaraaaaaauts: no need to buy healing stuff
(78:00 / All) G13M: OK I AM BUST ANOTHER NUT ILL BE Back in 20
(78:11 / All) Ziggaraaaaaauts: OK HAVE FUN
(78:31 / All) SIM_CITY_KID: i require a boost to my levle
(78:36 / All) Simpies: Same
(78:44 / All) Ziggaraaaaaauts: i make forcefield
(78:56 / All) Ziggaraaaaaauts: in green brigade
(80:03 / All) Simpies: finally dropped to under 30k
(80:09 / All) SIM_CITY_KID: i noticed that too
(80:14 / All) Ziggaraaaaaauts: im accepting donations
(80:16 / All) SIM_CITY_KID: you need to be smart with ur money
(80:18 / All) SIM_CITY_SUSHI: halle berry
(80:24 / All) SIM_CITY_SUSHI: no u
(80:34 / All) SIM_CITY_KID: speaking of hot black chicks
(80:36 / All) SIM_CITY_KID: that new show on abc
(80:39 / All) SIM_CITY_KID: she is decent
(80:50 / All) SIM_CITY_KID: no idea what its called
(80:58 / All) SIM_CITY_KID: i do prefer hot black men though
(81:01 / All) SIM_CITY_SUSHI: halle berry isn't hawt, don't you watch you are a fucking moron?
(81:24 / All) SIM_CITY_KID: send green peons to me
(81:25 / All) SIM_CITY_KID: plz
(81:29 / All) SIM_CITY_KID: behind greens camp
(82:08 / All) SIM_CITY_KID: where is though red bloodmage
(82:16 / All) Simpies: WRATH OF TANKS KNOWS NO BOUNDS
(82:37 / All) SIM_CITY_SUSHI: i sand bm 2 fount
(82:39 / All) SIM_CITY_KID: brb have to let dogs out i shouldn't go afk in the midst of a battle but i will risk it
(82:41 / All) SIM_CITY_KID: i am a warrior
(82:48 / All) Simpies: ok
(83:00 / All) Simpies: ENJOY YOUR TRIP TO THE FOUNTAIN BLUE LOl
(83:06 / All) Ziggaraaaaaauts: :(
(83:11 / All) Ziggaraaaaaauts: at least it's all expenses paid
(83:15 / All) Simpies: True
(84:42 / All) Ziggaraaaaaauts: lost a wyrm
(84:43 / All) Ziggaraaaaaauts: RIP
(84:45 / All) Simpies: damn
(84:47 / All) SIM_CITY_KID: figures i get back and i die
(84:54 / All) Ziggaraaaaaauts: dunno why ur hero
(85:00 / All) Ziggaraaaaaauts: was in the remains of my base
(85:11 / All) Ziggaraaaaaauts: i can't afford new wyrm
(85:11 / All) Ziggaraaaaaauts: :(
(85:18 / All) Simpies: what a shame
(85:19 / All) G13M: lolo
(85:21 / All) G13M: ololololo
(85:23 / All) G13M: OLolololo
(85:28 / All) Simpies: |shut up noo boj
(85:57 / Allies) G13M: YOUR HISTORY
(86:53 / All) G13M: YAYYYY
(87:11 / All) SIM_CITY_SUSHI: G13M is truly outrageous
(87:20 / All) G13M: D
(87:35 / All) G13M: FUCK YOU PURP
(87:38 / All) G13M: DIE
(87:45 / All) Ziggaraaaaaauts: frost wyrm is dominate
(87:51 / All) G13M: STEALING IDEAS
(87:57 / All) SIM_CITY_KID: ill meet u at the mid right shop red lets run some laps
(88:00 / All) Ziggaraaaaaauts: see how well dragon hawks worked orange?
(88:15 / All) G13M: IT WAS ONLY 3 VS 7 LOL
(88:22 / All) G13M: MAKE IT EVEN AND YOULL SEE
(88:22 / All) Simpies: how in the fuck
(88:25 / All) Simpies: does that make sense
(88:43 / All) SIM_CITY_KID: i one tim promised a player a win if he ran 50 laps around this map,
(89:06 / All) SIM_CITY_KID: i think he said "fuck u' at like lap 17
(90:00 / All) SIM_CITY_KID: pies is ruthless
(90:30 / All) Simpies: I have no idea what i'm doing
(91:11 / All) Ziggaraaaaaauts: u killed 3ghouls
(91:13 / All) Ziggaraaaaaauts: :(
(91:55 / All) Ziggaraaaaaauts: ur gold now?
(92:00 / All) SIM_CITY_KID: 5k here
(92:22 / All) Ziggaraaaaaauts: pies?
(92:55 / All) SIM_CITY_SUSHI: mai bm is super jelly of ur lich
(93:05 / All) Ziggaraaaaaauts: my lich is sexy
(93:16 / All) SIM_CITY_SUSHI: my bm is jelly
(93:40 / All) Ziggaraaaaaauts: is pies afk?
(93:44 / All) SIM_CITY_KID: i think
(94:11 / All) SIM_CITY_KID: my base is gone , the mayor's base is no more
(95:29 / All) SIM_CITY_KID: somehow
(95:32 / All) Simpies: ok i'm back
(95:34 / All) SIM_CITY_KID: pies got 5k more gold
(95:37 / All) SIM_CITY_KID: i think oj gave it to him
(95:38 / All) Ziggaraaaaaauts: lol
(95:46 / All) Ziggaraaaaaauts: orange was sitting on 5k?
(95:52 / All) Ziggaraaaaaauts: thought he was actually playing
(95:52 / All) Simpies: shocking
(96:10 / All) SIM_CITY_KID: our team was seriously awful, pink had 13k gold and just 3 heros, pies had 3 heros, orange tried to demo me . i had a hero
(96:16 / All) SIM_CITY_KID: ok sorry pies
(96:18 / All) SIM_CITY_KID: ill stop
(96:21 / All) Simpies: I don't think a single person on this team
(96:22 / All) Simpies: made units
(96:25 / All) Simpies: Until the 45 minute mark
(96:32 / All) SIM_CITY_KID: i apologize pies let the mortars live!
(96:53 / All) Ziggaraaaaaauts: eventually
(96:58 / All) Ziggaraaaaaauts: my lich will have DnD
(97:03 / All) Simpies: ok
(97:13 / All) Ziggaraaaaaauts: oh
(97:17 / All) Ziggaraaaaaauts: hi dragonhawks
(97:20 / All) Simpies: That
(97:23 / All) Simpies: Was not well thought out
(97:27 / All) Ziggaraaaaaauts: HEY ORANGE
(97:30 / All) Ziggaraaaaaauts: DRAGONHAWK SO GOOD
(97:31 / All) SIM_CITY_KID: orange has stupid ideas
(97:32 / All) Ziggaraaaaaauts: U SEE THART?
(97:34 / All) Ziggaraaaaaauts: FAIR FIGHT
(97:57 / All) G13M: IS NOT THE HAWKS IS THE PLAYER
(98:04 / All) Simpies: true
(98:07 / All) Ziggaraaaaaauts: I WILL LET U LEAVE MAYOR
(98:33 / All) SIM_CITY_KID: i always like it when players claim "im going afk" and i always watch replays and they never leave
(98:46 / All) Simpies: lol
(98:56 / All) Ziggaraaaaaauts: that's why i never go afk
(99:09 / All) SIM_CITY_SUSHI: I'm afk right now
(99:17 / All) Simpies: SAME
(99:25 / All) Ziggaraaaaaauts: im here
(99:27 / All) SIM_CITY_KID: i want to lvl 6 beastmaster
(99:31 / All) Ziggaraaaaaauts: but i'm sitting farther back than normal
(99:38 / All) Ziggaraaaaaauts: does that count?
(99:45 / All) Simpies: yeah i thkn yo'uve won
(99:54 / All) SIM_CITY_KID: kill red towers for exp!
(99:57 / All) Ziggaraaaaaauts: frost wyrms are invincible
(100:05 / All) Ziggaraaaaaauts: now the question
(100:10 / All) Ziggaraaaaaauts: do we win
(100:13 / All) Ziggaraaaaaauts: or kill ourselves
(100:15 / All) Ziggaraaaaaauts: so orange loses
(100:19 / All) Simpies: yeah
(100:20 / All) Simpies: do that
(100:26 / All) Simpies: i mean
(100:28 / All) Simpies: orange is on our team
(100:32 / All) Simpies: so its' jsut you killing us
(100:51 / All) SIM_CITY_KID: i couldn't target ur damn heor
(100:53 / All) SIM_CITY_KID: too many worms
(100:56 / All) Simpies: How does your lich
(100:59 / All) Simpies: ALMOST have dnd?
(101:02 / All) Simpies: when it's level 3
(101:05 / All) Ziggaraaaaaauts: not almost
(101:07 / All) Ziggaraaaaaauts: eventually will
(101:08 / All) Ziggaraaaaaauts: i said
(101:09 / All) Simpies: oh
(101:13 / All) SIM_CITY_KID: maybe he meant dungeons and dragons
(101:14 / All) Simpies: i doubt it
(101:16 / All) SIM_CITY_SUSHI: omfg
(101:18 / All) SIM_CITY_SUSHI: pies
(101:18 / All) Simpies: because we don't have anything left
(101:24 / All) Ziggaraaaaaauts: u running out of money? :/
(101:26 / All) SIM_CITY_SUSHI: you made a zoo and I didn't knowtice
(101:27 / All) Simpies: no
(101:28 / All) Ziggaraaaaaauts: time to suicide?
(101:29 / All) Simpies: no units
(101:30 / All) SIM_CITY_KID: he still has 12k
(101:31 / All) Ziggaraaaaaauts: and yeah that zoo
(101:34 / All) Ziggaraaaaaauts: is sweet
(101:35 / All) Simpies: lol
(101:40 / All) Simpies: why thank you
(101:45 / All) SIM_CITY_KID: do i hav epermission to kill ur blacksmiths pies
(101:51 / All) Simpies: the top one?
(101:58 / All) Simpies: eh
(101:58 / All) Simpies: fuck
(101:59 / All) Ziggaraaaaaauts: let the critters roam free?
(102:00 / All) Simpies: do whatever you want
(102:03 / All) Simpies: I don't care
(103:34 / All) Ziggaraaaaaauts: go to start the self destruction
(103:37 / All) Ziggaraaaaaauts: going*
(103:39 / All) Simpies: in progress
(103:39 / All) SIM_CITY_KID: affirmative
(103:57 / All) SIM_CITY_KID: ok
(103:58 / All) Simpies: ok
(103:58 / All) Ziggaraaaaaauts: that works
(104:00 / All) Simpies: lol
(104:02 / All) SIM_CITY_SUSHI: trololololololol
(104:06 / All) SIM_CITY_KID: i dont care who loses to be honest,
(104:06 / All) Simpies: do we want him to get a loss or a draw?
(104:13 / All) SIM_CITY_SUSHI: loss
(104:15 / All) Simpies: OK
(104:18 / All) SIM_CITY_SUSHI: down with that shitbrain
(104:19 / All) SIM_CITY_KID: yellow vs orange, who was more dislikable
(104:20 / All) Simpies: then let's lose our whole fucking base
(104:24 / All) Simpies: yellow
(104:31 / All) Simpies: no question
(104:36 / All) Ziggaraaaaaauts: so we lose?
(104:36 / All) SIM_CITY_KID: yellow claimed he was 1v5'ing us
(104:38 / All) Simpies: yeah
(104:41 / All) Simpies: yaeh
(104:49 / All) SIM_CITY_SUSHI: o okies
(104:57 / All) SIM_CITY_KID: ill upload rpelay?
(104:59 / All) Ziggaraaaaaauts: this will take a while
(105:04 / All) Ziggaraaaaaauts: if u wanna make tanks
(105:07 / All) Simpies: someone on each team shoulod upload it to highperhc
(105:11 / All) Ziggaraaaaaauts: and start attacking my stuff
(105:12 / All) Simpies: So we get both sides
(105:13 / All) Simpies: yeah
(105:14 / All) Simpies: I'll dot aht
(106:07 / All) SIM_CITY_KID: no poitn in u guys doign it u could just leave lawl
(106:15 / All) Simpies: Tujre
(106:38 / All) Ziggaraaaaaauts: we could
(106:59 / All) SIM_CITY_KID: green was 11-33
(107:01 / All) Ziggaraaaaaauts: but i already made elaborate shift queues
(107:38 / All) Simpies: Lol
(107:41 / All) Simpies: I thinkw e mined out all the wood
(107:42 / All) Simpies: in the bases
(107:47 / All) Ziggaraaaaaauts: i had roving ghouls
(107:50 / All) SIM_CITY_KID: bot middle
(107:50 / All) Ziggaraaaaaauts: searching for lumber
(107:52 / All) SIM_CITY_KID: trees
(107:56 / All) SIM_CITY_KID: and the corners
(107:58 / All) Ziggaraaaaaauts: there are some in the corners
(108:00 / All) Simpies: oh ok
(108:04 / All) Ziggaraaaaaauts: and i didn't finish the middle
(109:13 / All) SIM_CITY_KID: any of u ever see the never ending story
(109:31 / All) SIM_CITY_KID: its sad the kid in the 2nd movie hung himself in real life
(110:51 / All) SIM_CITY_KID: where the hell is our lich that is close to dnd
(111:02 / All) Ziggaraaaaaauts: he ran out of things to kill
(111:12 / All) Ziggaraaaaaauts: pies inexplicably ran out of production buildings
(111:21 / All) Simpies: i ahve seven wrokshops
(112:41 / All) Simpies: ok
(112:44 / All) Simpies: officially out of money
(113:03 / All) Simpies: with 15 tanks still queued
(114:08 / All) Simpies: pull ur wurms backbl eu
(114:25 / All) Ziggaraaaaaauts: they want to spend vacation time at spa
(114:32 / All) Simpies: NO TIME FOR SPA
(114:34 / All) Simpies: WORLDS COMIN TO AN END
(114:40 / All) Ziggaraaaaaauts: best place
(114:41 / All) Ziggaraaaaaauts: to spend